 Dungeon Crawl Stone Soup version 0.13.0-3-g966e3ec (webtiles) character file.

2649 Leibowitz the Nimble (level 9, 0/81 HPs)
             Began as a Kobold Berserker on Oct 13, 2013.
             Was a High Priest of Trog.
             Succumbed to a worker ant's poison
             ... on Level 7 of the Dungeon on Oct 14, 2013.
             The game lasted 00:30:54 (6968 turns).

Leibowitz the Nimble (Kobold Berserker)             Turns: 6968, Time: 00:30:54

HP   0/81        AC 16     Str 22      XL: 9   Next: 69%
MP   8/8         EV 21     Int  8      God: Trog [*****.]
Gold 324         SH 14     Dex 17      Spells:  0 memorised,  8 levels left

Res.Fire  : . . .   See Invis. : .   d - +2 orc dagger (protect)
Res.Cold  : . . .   Warding    : .   h - +3 leather armour
Life Prot.: . . .   Conserve   : .   r - +2 buckler
Res.Poison: .       Res.Corr.  : .   i - +1 helmet {Int+3}
Res.Elec. : .       Clarity    : .   c - +0 cloak
Sust.Abil.: . .     Spirit.Shd : .   s - +0 pair of gauntlets
Res.Mut.  : .       Stasis     : .   m - +0 pair of boots
Res.Rott. : .       Flight     : .   (no amulet)
Saprovore : + + .                    (no ring)
                                     (no ring)

@: berserking (expiring), mildly poisoned, very quick, slightly resistant to
hostile enchantments, extremely unstealthy
A: disease resistance, carnivore 3, saprovore 2
a: Burn Spellbooks, Berserk, Trog's Hand, Brothers in Arms, Renounce Religion


You were on level 7 of the Dungeon.
You worshipped Trog.
Trog was extremely pleased with you.
You were very hungry.

You visited 1 branch of the dungeon, and saw 7 of its levels.

You collected 304 gold pieces.

Inventory:

Hand weapons
 d - a +2,+2 orcish dagger of protection (weapon)
 k - a +0,+0 sabre
Missiles
 g - 33 poisoned needles
Armour
 c - a +0 cloak (worn)
 h - a +3 leather armour (worn)
 i - a +1 helmet of intelligence (worn)
 m - a +0 pair of boots (worn)
 r - a +2 buckler (worn)
 s - a +0 pair of gauntlets (worn)
Magical devices
 n - a wand of lightning (6)
Comestibles
 o - a slice of pizza
 t - a sausage
Scrolls
 f - a scroll of blinking
 j - 3 scrolls of identify
 l - 5 scrolls of remove curse
 p - a scroll of teleportation
Jewellery
 b - an uncursed ring of see invisible {unknown}
Potions
 a - a potion of agility
 q - 4 potions of curing
 w - 2 potions of restore abilities


   Skills:
 * Level 5.8 Fighting
 + Level 7.0 Short Blades
 - Level 1.5 Armour
 * Level 10.4 Dodging
 * Level 6.4 Stealth
 * Level 3.2 Shields


You had 8 spell levels left.
You didn't know any spells.

Dungeon Overview and Level Annotations

Branches:
Dungeon (7/27)                Orc (0/4) D:6
 Temple: D:4-7

Altars:
Ashenzari
Elyvilon
Trog
the Shining One

Shops:
D:6 %   D:7 *


Innate Abilities, Weirdness & Mutations

You recuperate from illness quickly.
You are small and have problems with some larger weapons.
You are carnivorous and can eat meat at any time.
You can eat rotten meat.


Message History

The orc warrior is almost dead.
The orc warrior hits you with an orcish morningstar!
* * * LOW HITPOINT WARNING * * *
You barely miss the orc warrior.
The orc warrior is almost dead.
You slash the orc warrior!
You kill the orc warrior!
Trog accepts your kill. The orc completely misses you.
Items here: % )) [[ an orcish morningstar; an orcish chain mail; an orcish flail an orcish chain mail; an orc corpse You puncture the orc!
The orc is almost dead.
You slash the orc!
You kill the orc!
Trog accepts your kill.
You are too berserk!
You feel a strong urge to attack something.
You die...

# ###.#######
#.......<>#
#.........#
#.........#####
.........#@).+
.....[.....###
.........###
........#
........#
#.###### .


There were no monsters in sight!

Vanquished Creatures
  Grinder (D:4)
  Eustachio (D:5)
  A necrophage (D:6)
  Menkaure (D:5)
  4 orc warriors
  The ghost of napalmx the Skirmisher, an average HOFi (D:3)
  A centaur (D:6)
  A phantom (D:4)
  Sigmund (D:3)
  A giant frog (D:6)
  2 crimson imps
  A hound (D:6)
  3 jellies
  Crazy Yiuf (D:2)
  A centaur skeleton (D:5)
  An iguana (D:4)
  6 orc wizards
  5 orc priests
  2 worker ants
  A scorpion (D:4)
  Ijyb (D:2)
  An ogre skeleton (D:4)
  An ogre zombie (D:5)
  11 adders
  2 giant mites
  4 worms
  An adder skeleton (D:5)
  An ooze (D:3)
  29 orcs
  4 ball pythons
  5 giant cockroaches
  9 goblins
  6 hobgoblins
  2 jackals (D:2)
  12 kobolds
  4 quokkas
  15 bats
  A giant gecko (D:6)
  8 giant newts
  A quokka zombie (D:6)
  12 rats
166 creatures vanquished.

Vanquished Creatures (collateral kills)
  A swamp drake (D:6)
1 creature vanquished.

Vanquished Creatures (others)
  An orc priest (D:7)
  An orc (D:6)
2 creatures vanquished.

Grand Total: 169 creatures vanquished

Notes
Turn   | Place    | Note
--------------------------------------------------------------
     0 | D:1      | Leibowitz, the Kobold Berserker, began the quest for the Orb.
     0 | D:1      | Reached XP level 1. HP: 14/14 MP: 0/0
   455 | D:1      | Reached XP level 2. HP: 19/19 MP: 1/1
   796 | D:2      | Reached XP level 3. HP: 20/24 MP: 2/2
   799 | D:2      | Acquired Trog's second power
   799 | D:2      | Reached skill level 1 in Stealth
   949 | D:2      | Noticed Ijyb
  1020 | D:2      | Killed Ijyb
  1020 | D:2      | Reached XP level 4. HP: 22/29 MP: 3/3
  1341 | D:2      | Noticed Crazy Yiuf
  1346 | D:2      | Paralysed by Crazy Yiuf for 6 turns
  1354 | D:2      | Killed Crazy Yiuf
  1354 | D:2      | Reached skill level 5 in Short Blades
  1354 | D:2      | Reached XP level 5. HP: 18/33 MP: 4/4
  1940 | D:3      | Noticed napalmx's ghost (average HOFi)
  1952 | D:3      | Killed napalmx's ghost
  1952 | D:3      | Reached skill level 5 in Dodging
  1952 | D:3      | Reached XP level 6. HP: 39/39 MP: 5/5
  2079 | D:3      | Noticed Sigmund
  2099 | D:3      | Killed Sigmund
  2200 | D:3      | Reached skill level 6 in Dodging
  2210 | D:3      | Reached XP level 7. HP: 44/44 MP: 6/6
  2865 | D:3      | Acquired Trog's third power
  3706 | D:4      | Found a white marble altar of Elyvilon.
  3706 | D:4      | Noticed an angel
  3834 | D:4      | Noticed Grinder
  3848 | D:4      | Killed Grinder
  3848 | D:4      | Reached skill level 7 in Dodging
  3848 | D:4      | Reached skill level 1 in Shields
  3848 | D:4      | Reached XP level 8. HP: 48/48 MP: 7/7
  3976 | D:5      | Entered Level 5 of the Dungeon
  4170 | D:5      | Reached skill level 8 in Dodging
  4247 | D:5      | Found a shattered altar of Ashenzari.
  4280 | D:5      | Reached skill level 5 in Fighting
  4403 | D:5      | Noticed Menkaure
  4410 | D:5      | Killed Menkaure
  4795 | D:5      | Noticed Eustachio
  4938 | D:5      | Killed Eustachio
  4938 | D:5      | Reached skill level 5 in Stealth
  5360 | D:5      | Reached skill level 9 in Dodging
  5478 | D:6      | Found Xeah's Food Boutique.
  5482 | D:6      | Found a bloodstained altar of Trog.
  5510 | D:6      | Reached XP level 9. HP: 53/53 MP: 8/8
  5995 | D:6      | Found a glowing golden altar of the Shining One.
  6169 | D:6      | Found a staircase to the Orcish Mines.
  6198 | D:6      | Reached skill level 10 in Dodging
  6260 | D:6      | Paralysed by a potion of paralysis for 7 turns
  6893 | D:7      | Found Singaid's Assorted Antiques.
  6961 | D:7      | HP: 1/81 [orc warrior/orcish morningstar (25)]
  6968 | D:7      | Succumbed to a worker ant's poison

Action                   |  1- 3 |  4- 6 |  7- 9 || total
-------------------------+-------+-------+-------++-------
Melee: Dagger            |   143 |   120 |   750 ||  1013
       Short sword       |    10 |       |       ||    10
Invok: Berserk           |     1 |     4 |     9 ||    14
       Brothers in Arms  |       |       |     1 ||     1
Evoke: Wand              |       |       |    10 ||    10
  Use: Potion            |     1 |     3 |    12 ||    16
       Scroll            |       |       |    15 ||    15
 Stab: Sleeping          |       |     2 |     8 ||    10
       Distracted        |       |       |     1 ||     1
